 Dungeon Crawl Stone Soup version 0.29-a0-330-g52719c12eb (webtiles) character file.

Game seed: 17856569312137253130

1939 kae the Firebug (level 8, -20/57 HPs)
             Began as a Demigod Fire Elementalist on May 24, 2022.
             Demolished by an ogre
             ... wielding a +0 giant spiked club
              (23 damage)
             ... on level 6 of the Dungeon.
             The game lasted 00:05:04 (7321 turns).

kae the Firebug (Demigod Fire Elementalist)         Turns: 7321, Time: 00:05:05

Health: -20/57     AC:  6    Str:  9    XL:     8   Next: 65%
Magic:  3/18       EV: 12    Int: 22    God:
Gold:   150        SH:  0    Dex: 19    Spells: 3/16 levels left

rFire   . . .      SeeInvis .   l - +9 spear "Orchuid" {venom, Int-3 Dex+5}
rCold   . . .      Faith    .   (no shield)
rNeg    . . .      Spirit   .   a - +1 robe
rPois   .          Reflect  .   i - +0 helmet
rElec   .          Harm     .   p - +0 cloak
rCorr   .          Rampage  .   d - +0 pair of gloves
Will    .....                   (no boots)
Stlth   ++........              k - amulet of the acrobat
HPRegen 0.19/turn               (no ring)
MPRegen 0.16/turn               (no ring)

@: no status effects
A: high MP 1, forlorn, divine attributes
a: no special abilities


You were on level 6 of the Dungeon.
You visited 1 branch of the dungeon, and saw 6 of its levels.

You collected 278 gold pieces.
You spent 128 gold pieces at shops.

Inventory:

Hand Weapons
 l - the +9 spear "Orchuid" (weapon) {venom, Int-3 Dex+5}
   (You took it off a goblin on level 2 of the Dungeon)

   It poisons the flesh of those it strikes.
   Int:       It affects your intelligence (-3).
   Dex:       It affects your dexterity (+5).
 s - the +3 rapier of Massacring {flame, Drain Will+++}
   (You found it on level 6 of the Dungeon)

   It burns those it strikes, dealing additional fire damage.
   Drain:     It drains your maximum health when unequipped.
   Will:      It greatly increases your willpower.
Armour
 a - a +1 robe (worn)
 d - a +0 pair of gloves (worn)
 i - a +0 helmet (worn)
 p - a +0 cloak (worn)
Jewellery
 k - an amulet of the acrobat (around neck)
 o - a ring of ice
Wands
 m - a wand of acid (8)
 r - a wand of flame (25)
 x - a wand of charming (6)
 y - a wand of iceblast (8)
Scrolls
 c - a scroll of enchant armour
 t - a scroll of teleportation
 u - a scroll of fog
 w - 2 scrolls of fear
Potions
 b - a potion of magic
 e - 3 potions of degeneration
 f - 2 potions of cancellation
 g - a potion of curing
 h - 2 potions of heal wounds
 j - a potion of attraction
 n - 2 potions of lignification
 q - a potion of mutation
 v - a potion of brilliance


   Skills:
 - Level 1.7 Dodging
 - Level 1.7 Stealth
 + Level 4.6 Spellcasting
 * Level 6.7 Conjurations
 * Level 7.3 Fire Magic


You had 3 spell levels left.
You knew the following spells:

 Your Spells              Type           Power      Damage    Failure   Level
a - Foxfire               Conj/Fire      100%       2x1d9     1%          1
b - Scorch                Fire           74%        2d8       1%          2
c - Conjure Flame         Conj/Fire      36%        6-21      1%          3
d - Inner Flame           Hex/Fire       21%        N/A       7%          3
e - Flame Wave            Conj/Fire      36%        2d9       6%          4

Your spell library contained the following spells:

 Spells                   Type           Power      Damage    Failure   Level
 Stone Arrow              Conj/Erth      40%        3d9       8%          3
 Ozocubu's Armour         Ice            5%         N/A       32%         3
 Portal Projectile        Hex/Tloc       10%        N/A       32%         3
 Animate Armour           Summ/Erth      10%        N/A       71%         4
 Blade Hands              Tmut           2%         N/A       96%         5
 Excruciating Wounds      Necr           2%         N/A       96%         5
 Metabolic Englaciation   Hex/Ice        2%         N/A       96%         5
 Simulacrum               Ice/Necr       2%         N/A       100%        6
 Lehudib's Crystal Spear  Conj/Erth      10%        10d4      100%        8


Dungeon Overview and Level Annotations

Branches:
Dungeon (6/15)             Temple (0/1) D:5

Shops:
D:1 [   D:4 *(**?

Annotations:
D:5 exclusion: statue


Innate Abilities, Weirdness & Mutations

You have an increased reservoir of magic. (+10% MP)
You shall have no god before yourself.
Your divine heritage dramatically boosts your attributes as you level up.


Message History

You miscast Flame Wave.
You are very lightly contaminated with residual magic.
Nothing appears to happen.
You feel very sick. The killer bee stings you.
The killer bee stings you but does no damage.
You feel sick. The killer bee misses you. x2
Casting: Flame Wave (dangerous; 6% risk of failure)
Confirm with . or Enter, or press ? or * to list all spells.
Casting: Flame Wave (dangerous; 6% risk of failure)
Press: ? - help, Dir - look around, f - activate A wave of flame ripples out!
The flame wave engulfs the killer bee!
The killer bee is severely wounded. (Press . to intensify the flame waves.)
You feel sick. The killer bee stings you. The killer bee closely misses you.
A wave of flame ripples out!
The flame wave engulfs the killer bee.
The killer bee is almost dead.
You feel sick.
The killer bee completely misses you. x2
A wave of flame ripples out!
The flame wave engulfs the killer bee!
You kill the killer bee!
You finish channelling waves of flame.
You feel sick.
You hear a shout!
You feel sick.
You feel sick.
You feel sick.
You are no longer poisoned.
Your magical contamination has completely faded away.
Okay, then.
An ogre comes into view. It is wielding a +0 giant spiked club.
You hear the quick hiss of an avalanche of sand very nearby.
Okay, then.
Casting: Flame Wave (dangerous; 6% risk of failure)
Confirm with . or Enter, or press ? or * to list all spells.
The fire begins to smoulder!
Casting: Conjure Flame (safe; 1% risk of failure)
Confirm with . or Enter, or press ? or * to list all spells.
The fire ignites!
You are engulfed in blazing flames.
* * * LOW HITPOINT WARNING * * *
The ogre hits you with a +0 giant spiked club!!
You die...

........ ...#..## #.#
##.##... .#.# #..##.. ...#
###..##.###..# #.....#.#...#
##.........#### #### .
#........###.### ..# ##..
#...##......O@.## #.##....
###..#...#####..## #.... ..#
##....## #...#####..# ..
##...## #.....##...## #.
#..#>.#####...........####.
##.###......)..)....#.......
#...#.......>).).#...#....†.
#...........###.###.........
##........<## #.# ##.....###


You could see an ogre.

Vanquished Creatures
  Edmund (D:5)
  2 water moccasins (D:6)
  An orc warrior (D:5)
  2 ogres (D:5)
  4 scorpions
  2 necrophages
  3 killer bees (D:6)
  A howler monkey (D:5)
  5 orc priests
  7 hounds
  Jessica (D:3)
  An iguana (D:4)
  7 orc wizards
  Robin (D:2)
  7 adders
  A shadow imp (D:6)
  3 worms
  2 dart slugs
  51 orcs
  6 bats
  4 endoplasms
  2 giant cockroaches
  11 goblins
  7 hobgoblins
  3 jackals (D:4)
  5 quokkas
  8 ball pythons
  7 frilled lizards
  5 kobolds
  5 rats
165 creatures vanquished.

Vanquished Creatures (others)
  362 foxfires
362 creatures vanquished.

Grand Total: 527 creatures vanquished

Notes
Turn   | Place    | Note
-------+----------+-------------------------------------------
     0 | D:1      | kae the Demigod Fire Elementalist began the quest for the
                  | Orb.
     0 | D:1      | Reached XP level 1. HP: 14/14 MP: 5/5
    37 | D:1      | Reached skill level 1 in Conjurations
   572 | D:1      | Reached skill level 3 in Fire Magic
   572 | D:1      | Reached XP level 2. HP: 20/20 MP: 4/7
  1138 | D:1      | Found Axoceruf's Armour Boutique.
  1283 | D:2      | Noticed Robin
  1289 | D:2      | Identified the +9 spear "Orchuid" {venom, Int-3 Dex+5}
  1291 | D:2      | Killed Robin
  1292 | D:2      | Reached XP level 3. HP: 25/26 MP: 3/8
  1591 | D:1      | Learned a level 2 spell: Scorch
  1595 | D:1      | Learned a level 3 spell: Conjure Flame
  2455 | D:2      | Reached XP level 4. HP: 33/33 MP: 10/10
  3352 | D:3      | Reached skill level 4 in Fire Magic
  3478 | D:3      | Reached XP level 5. HP: 24/38 MP: 9/11
  3887 | D:3      | Noticed Jessica
  3890 | D:3      | Killed Jessica
  4066 | D:4      | Reached XP level 6. HP: 40/45 MP: 0/13
  4339 | D:4      | Learned a level 3 spell: Inner Flame
  4361 | D:4      | Found Ofulen's Weapon Boutique.
  4592 | D:4      | Found Kokhlaus's Assorted Antiques.
  4595 | D:4      | Bought a scroll labelled DUWYONT XALET for 17 gold pieces
  4595 | D:4      | Bought a scroll labelled IHUDOCYNUE for 17 gold pieces
  4595 | D:4      | Bought a scroll of identify for 34 gold pieces
  4595 | D:4      | Bought a scroll of identify for 34 gold pieces
  4767 | D:4      | Found Zoteugol's Assorted Antiques.
  4778 | D:4      | Found Oqagro Iry's General Store.
  4782 | D:4      | Reached skill level 5 in Fire Magic
  4930 | D:4      | Found Koifuull's Magic Scroll Shop.
  4935 | D:4      | Bought a scroll of fog for 26 gold pieces
  5140 | D:5      | Entered Level 5 of the Dungeon
  5159 | D:5      | Found a staircase to the Ecumenical Temple.
  5168 | D:5      | Reached XP level 7. HP: 44/50 MP: 7/15
  5451 | D:5      | Noticed Edmund
  5461 | D:5      | Killed Edmund
  5462 | D:5      | Reached skill level 5 in Conjurations
  5550 | D:5      | Reached skill level 6 in Fire Magic
  5694 | D:5      | Reached XP level 8. HP: 42/57 MP: 8/17
  5879 | D:5      | Learned a level 4 spell: Flame Wave
  6060 | D:5      | Found a runed translucent door.
  7079 | D:6      | Reached skill level 7 in Fire Magic
  7132 | D:6      | Identified the +3 rapier of Massacring {flame, Drain
                  | Will+++}
  7321 | D:6      | HP: 2/57 [cloud of flame (20)]
  7321 | D:6      | Demolished by an ogre

Illustrated notes

Levels and vault maps discovered:
D:1:      heliophobic_arrival_battle_scene, layout_basic, serial_shops,
          nicolae_shop_trees
D:2:      layout_basic, uniq_robin
D:3:      wad_river_or_something, layout_basic,
          mainiacjoe_overflow_surrounded_room, tso_metal_star,
          dreamdust_ecumenical_altar_statues, uniq_jessica
D:4:      layout_cave_pools, marbit_many_paths, serial_shops,
          kennysheep_little_box, shop, nicolae_shop_behind_doors,
          nicolae_shop_bloodbath_and_beyond, kennysheep_mini_moat
D:5:      layout_basic, vehumet_statue, nicolae_ru_the_path_less_chosen,
          minmay_temple_entry_ruins, lightli_church_of_beogh, uniq_edmund
D:6:      layout_layer_cave, lightli_ossuary_entry_decrepit_ruins

Skill      XL: |  1  2  3  4  5  6  7  8 |
---------------+-------------------------+-----
Conjurations   | 1 2 3 4 5 6 |  6.7
Fire Magic     | 3 4 5 6 7 |  7.3
Spellcasting   | 2 3 4 |  4.6
Dodging        | |  1.7
Stealth        | |  1.7

Action                   |  1- 3 |  4- 6 |  7- 9 || total
-------------------------+-------+-------+-------++-------
Melee: Unarmed           |     1 |       |       ||     1
       Spear             |    16 |    52 |    41 ||   109
       Punch             |       |     2 |       ||     2
 Cast: Foxfire           |    59 |    66 |    95 ||   220
       Scorch            |     9 |    20 |    13 ||    42
       Conjure Flame     |       |       |     4 ||     4
       Flame Wave        |       |       |     3 ||     3
  Use: Scroll            |     4 |    10 |     4 ||    18
       Potion            |       |     1 |       ||     1
 Stab: Sleeping          |     2 |       |       ||     2
Armor: Robe              |     9 |    20 |    18 ||    47
Dodge: Dodged            |    26 |    47 |    55 ||   128

Table legend: (Time is in decaauts)
 A = Elapsed time spent in this place.
 B = Non-inter-level travel time spent in this place.
 C = Inter-level travel time spent in this place.
 D = Time resting spent in this place.
 E = Time spent auto-exploring this place.
 F = Levels seen in this place.
 G = Mean time per level.
                   A        B        C        D        E       F      G
               +--------+--------+--------+--------+--------+-----+--------+
         Total |   7340 |   7101 |    239 |    451 |   5348 |   6 | 1223.3 |
       Dungeon |   7340 |   7101 |    239 |    451 |   5348 |   6 | 1223.3 |
               +--------+--------+--------+--------+--------+-----+--------+

Top non-repeatable levels by time:
     D:5: 1771 daAuts
     D:1: 1531 daAuts
     D:3: 1314 daAuts
     D:4: 1173 daAuts
     D:2: 1136 daAuts
     D:6: 413 daAuts
